 Dungeon Crawl Stone Soup version 0.32-a0-975-g85d4e5bfdb (webtiles) character file.

Game seed: 10863964235523734581

28658 NormalPerson7 the Summoner (level 13, -4/98 HPs)
             Began as a Barachi Ice Elementalist on Apr 19, 2024.
             Was the Champion of Cheibriados.
             Slain by a hell rat (5 damage)
             ... while petrified by a basilisk
             ... on level 3 of the Lair of Beasts.
             The game lasted 01:10:44 (13894 turns).

NormalPerson7 the Summoner (BaIE)                  Turns: 13894, Time: 01:10:45

Health: -4/98      AC: 12    Str: 27    XL:     13   Next: 40%
Magic:  23/23      EV:  2    Int: 36    God:    Cheibriados [******]
Gold:   853        SH:  0    Dex: 34    Spells: 4/26 levels left

rFire   + + .        s - +6 sling of Youthful Indiscretion {freeze, +Blink rF++ Int-5}
rCold   . . .        (no shield)
rNeg    + + +        L - +1 robe of the Blessed Realm {rElec}
rPois   ∞            k - +2 hat of Noxious Happiness {rPois Dex+5}
rElec   +            N - +2 cloak {Will+}
rCorr   .            M - +2 pair of gloves {Str+3}
SInv    .            d - +0 pair of boots
Will    +....        u - amulet of magic regeneration
Stlth   +++          I - ring of Xom's Malicious Joy {rN+ Int+6}
HPRegen 0.36/turn    S - ring of wizardry
MPRegen 0.58/turn

%: wizardry (x1)
@: petrified, very slow
A: amphibious, slowness 1, strong legs 2, +LOS
a: Hop, Renounce Religion, Evoke Blink, Bend Time, Temporal Distortion, Slouch,
Step From Time


You were on level 3 of the Lair of Beasts.
You worshipped Cheibriados.
Cheibriados was exalted by your worship.
You visited 3 branches of the dungeon, and saw 14 of its levels.
You also visited: Bailey and Gauntlet.

You collected 1061 gold pieces.
You spent 208 gold pieces at shops.

Inventory:

Hand Weapons
 s - the +6 sling of Youthful Indiscretion (weapon) {freeze, +Blink rF++ Int-5}
   (You took it off a minotaur in a Gauntlet)

   Int-5:     It affects your intelligence (-5).
   rF++:      It greatly protects you from fire.
   +Blink:    It lets you blink.
 O - a +1 vampiric long sword
 T - a +3 great sword of freezing
 V - a +4 dire flail
 W - a +2 flail of protection
Missiles
 n - 9 javelins
 B - 4 curare-tipped darts
 Q - 26 poisoned darts
 R - 5 darts of dispersal
Armour
 d - a +0 pair of boots (worn)
 k - the +2 hat of Noxious Happiness (worn) {rPois Dex+5}
   (You found it in a Gauntlet)

   Dex+5:     It affects your dexterity (+5).
   rPois:     It protects you from poison.
 E - a +2 helmet
 L - the +1 robe of the Blessed Realm (worn) {rElec}
   (You found it in a bailey)

   rElec:     It insulates you from electricity.
 M - a +2 pair of gloves of strength (worn)
 N - a +2 cloak of willpower (worn)
Magical Staves
 y - a staff of death
 D - a staff of alchemy
 Z - a staff of air
Jewellery
 u - an amulet of magic regeneration (around neck)
 I - the ring of Xom's Malicious Joy (left hand) {rN+ Int+6}
   (You found it on level 6 of the Dungeon)

   [ring of intelligence]

   Int+6:     It affects your intelligence (+6).
   rN+:       It protects you from negative energy.
 P - a ring of poison resistance
 S - a ring of wizardry (right hand)
Wands
 l - a wand of warping (14)
 G - a wand of flame (57)
 J - a wand of mindburst (10)
 U - a wand of charming (15)
 Y - a wand of light (12)
Scrolls
 b - 2 scrolls of brand weapon
 e - a scroll of fear
 g - 2 scrolls of silence
 j - 2 scrolls of poison
 o - 4 scrolls of fog
 t - 9 scrolls of teleportation
 v - 2 scrolls of enchant armour
 w - 3 scrolls of amnesia
 x - 3 scrolls of blinking
 C - a scroll of summoning {unknown}
 F - 4 scrolls of enchant weapon
 H - 3 scrolls of immolation
Potions
 f - 2 potions of haste
 h - 5 potions of heal wounds
 i - 4 potions of brilliance
 m - a potion of might
 p - a potion of berserk rage
 q - 7 potions of curing
 z - 2 potions of magic
 A - 2 potions of attraction
 K - 6 potions of lignification
 X - a potion of enlightenment {unknown}
Miscellaneous
 c - a phantom mirror


   Skills:
 - Level 8.0 Fighting
 + Level 11.5 Dodging
 - Level 1.7 Stealth
 - Level 7.0 Spellcasting
 - Level 14.0 Summonings
 - Level 6.0 Translocations
 - Level 9.0 Ice Magic
 - Level 8.0 Invocations
 - Level 6.0 Evocations


You had 4 spell levels left.
You knew the following spells:

 Your Spells              Type           Power      Damage    Failure   Level
a - Freeze                Ice            100%       1d10      1%          1
b - Summon Ice Beast      Ice/Summ       77%        N/A       1%          3
c - Ozocubu's Armour      Ice            67%        N/A       1%          3
f - Summon Forest         Summ/Tloc      35%        N/A       1%          5
h - Summon Hydra          Summ           42%        N/A       3%          7
r - Frozen Ramparts       Ice            100%       1d16      1%          3

Your spell library contained the following spells:

 Spells                   Type           Power      Damage    Failure   Level
 Ensorcelled Hibernation  Hex/Ice        90%        N/A       1%          2
 Dimensional Bullseye     Hex/Tloc       17%        N/A       3%          4
 Iskenderun's Mystic Bla Conj/Tloc 34%            2d8        (+2d4     3%          4
 Fugue of the Fallen      Necr           12%        N/A       4%          3
 Tukima's Dance           Hex            12%        N/A       4%          3
 Anguish                  Hex/Necr       6%         N/A       12%         4
 Eringya's Noxious Bog    Alch           6%         4d6       86%         6


Dungeon Overview and Level Annotations

Branches:
Dungeon (10/15)            Temple (1/1) D:6            Lair (3/5) D:9
 Shoals (0/4) Lair:2          Orc (0/2) D:10         Bailey (visited)
Gauntlet (visited)
  Snake: Lair:2-3    Spider: Lair:2-3

Altars:
Ashenzari
Cheibriados
Dithmenos
Elyvilon
Fedhas
Gozag
Hepliaklqana
Kikubaaqudgha
Makhleb
Nemelex Xobeh
Okawaru
Qazlal
Ru
Sif Muna
Trog
Uskayaw
Vehumet
Wu Jian
Xom
Yredelemnul
Zin
The Shining One
Beogh

Shops:
D:2 *   D:3 ?   D:5 (   D:8 *

Portals:
Trove: D:10 (give +5 ice dragon scales)

Annotations:
D:7 3 runed translucent doors, Pascal76's ghost, novice MiFi


Innate Abilities, Weirdness & Mutations

You are amphibious.
You cover ground slowly.
You can hop long distances.
You have an extended range of vision and can be seen from far away.


Message History

A rime drake comes into view.
The hell rat barely misses you.
The hell rat twitches its whiskers.
The basilisk gazes at you. The manticore bites you. The manticore claws you. x2
The wyvern bites you but does no damage.
The manticore bites you but does no damage.
The manticore claws you. x2
The basilisk gazes at you. You resist with almost no effort.
The hell rat bites you. The basilisk gazes at you.
You resist with almost no effort.
The manticore bites you but does no damage.
The manticore claws you but does no damage.
The manticore claws you. The wyvern bites you! The wyvern barely misses you.
The hell rat bites you but does no damage.
The wyvern bites you! The basilisk bites you. The manticore bites you!
The manticore claws you.
The manticore claws you but does no damage.
The wyvern bites you. The wyvern barely misses you. The hell rat bites you.
The manticore bites you!
The manticore claws you but does no damage.
The manticore claws you! The basilisk bites you. The wyvern bites you! x2
* * * LOW HITPOINT WARNING * * *
The hell rat bites you.
* * * LOW HITPOINT WARNING * * *
The wyvern bites you.
* * * LOW HITPOINT WARNING * * *
The wyvern bites you!
* * * LOW HITPOINT WARNING * * *
The basilisk gazes at you. You resist with almost no effort.
The manticore bites you!
* * * LOW HITPOINT WARNING * * *
The manticore claws you!
* * * LOW HITPOINT WARNING * * *
The manticore barely misses you. The hell rat bites you!
You die...
Cheibriados appreciates the motionlessness of death.

#....P..........#.
#.............##..
########.........#...
#.†. #.............
#..l #.........#...
$.r #.......)..#..
###k####.........##..
#.kHl............#P..
#.rk@................
#...rk...............#
##....................
#....................
#................#.#.
##......#....#.#P##..
##.....##...#######.
.......#...P#.##♣..
#...............†..


You could see a manticore, 2 basilisks, 2 rime drakes, 2 wyverns and 3 hell
rats.

Vanquished Creatures
  A catoblepas (Gauntlet)
  A fire crab (Gauntlet)
  Pikel (D:6)
  A deep elf pyromancer (Bailey)
  A gargoyle (Gauntlet)
  A cane toad (Lair:2)
  An unseen horror (D:6)
  A rime drake (Lair:3)
  4 blink frogs (Lair:2)
  10 yaks
  2 wyverns (Lair:3)
  Eustachio (D:6)
  2 fire bats (Gauntlet)
  A basilisk (Lair:3)
  6 water moccasins
  2 sky beasts
  5 orc warriors
  4 wolves
  An ogre (D:5)
  3 kobold brigands
  4 bullfrogs
  3 scorpions
  6 wights (D:9)
  Dowan (D:7)
  4 killer bees (D:8)
  4 howler monkeys (D:9)
  An electric eel (Lair:1)
  A bombardier beetle (D:7)
  A quasit (D:9)
  2 hounds
  A jelly (D:4)
  2 orc priests (D:10)
  Crazy Yiuf (D:2)
  A gnoll bouda (D:8)
  3 iguanas
  9 orc wizards
  A hell rat (Lair:3)
  4 gnolls (D:8)
  7 adders
  A white imp (D:9)
  5 ufetubi
  A ribbon worm (D:2)
  2 dart slugs
  41 orcs
  5 endoplasms
  2 giant cockroaches (D:4)
  8 goblins
  4 hobgoblins
  5 jackals
  21 kobolds
  2 quokkas
  6 ball pythons
  4 bats
  A frilled lizard (D:1)
  6 rats
219 creatures vanquished.

Vanquished Creatures (collateral kills)
  A minotaur (Gauntlet)
  The ghost of P0WERM0DE the Cleaver, a journeyman CoCK of Xom (Lair:1)
  Erolcha (D:10)
  A catoblepas (Lair:1)
  2 boulder beetles (Lair:2)
  2 thrashing horrors (Gauntlet)
  Sonja (D:10)
  An orc knight (Bailey)
  Maurice (D:10)
  9 cane toads
  4 komodo dragons
  2 trolls (D:10)
  4 polar bears
  A blink frog (Lair:2)
  Sigmund (D:6)
  18 yaks
  2 wyverns
  A fire bat (Gauntlet)
  3 basilisks
  2 chaos spawn (D:9)
  4 water moccasins
  5 orc warriors
  Duvessa (D:7)
  A black bear (Lair:1)
  14 wolves
  3 ogres
  A phantom (D:5)
  A lemure (D:6)
  7 bullfrogs
  3 small abominations (Gauntlet)
  3 wights (D:9)
  2 electric eels (Lair:2)
  A hound (D:5)
  A bombardier beetle (D:4)
  2 orc priests (D:10)
  An orc wizard (D:10)
  A sleepcap (D:7)
  A shadow imp (D:7)
  A white imp (D:6)
  An ufetubus (D:6)
  6 orcs
  A butterfly (Lair:1)
119 creatures vanquished.

Vanquished Creatures (others)
  2 snaplasher vines
2 creatures vanquished.

Grand Total: 340 creatures vanquished

Notes
Turn   | Place    | Note
-------+----------+-------------------------------------------
     0 | D:1      | NormalPerson7 the Barachi Ice Elementalist began the quest
                  | for the Orb.
     0 | D:1      | Reached XP level 1. HP: 13/13 MP: 3/3
    76 | D:1      | Reached skill level 5 in Ice Magic
   175 | D:1      | Reached XP level 2. HP: 19/19 MP: 3/5
   878 | D:2      | Reached XP level 3. HP: 24/24 MP: 6/6
   879 | D:2      | Found Hedec's Assorted Antiques.
   950 | D:2      | Learned a level 3 spell: Frozen Ramparts
  1327 | D:2      | Found a runed translucent door.
  1398 | D:2      | Learned a level 3 spell: Ozocubu's Armour
  1541 | D:3      | Reached XP level 4. HP: 30/30 MP: 3/8
  1647 | D:3      | Reached skill level 1 in Summonings
  2152 | D:3      | Reached skill level 2 in Summonings
  2222 | D:3      | Found Qiskodi's Magic Scroll Shoppe.
  2437 | D:4      | Reached skill level 3 in Summonings
  2490 | D:4      | Reached XP level 5. HP: 35/35 MP: 9/9
  2759 | D:4      | Reached skill level 4 in Summonings
  2765 | D:4      | Learned a level 3 spell: Summon Ice Beast
  2790 | D:4      | Noticed an ogre
  2794 | D:4      | Reached XP level 6. HP: 40/41 MP: 3/10
  2968 | D:4      | Reached skill level 5 in Summonings
  3423 | D:2      | Bought a tapered bronze wand for 104 gold pieces
  3607 | D:5      | Entered Level 5 of the Dungeon
  4076 | D:5      | Reached XP level 7. HP: 46/46 MP: 3/11
  4372 | D:5      | Reached skill level 1 in Evocations
  4561 | D:5      | Found Hueheyb's Antique Weapon Shoppe.
  4596 | D:6      | Noticed Sigmund
  4691 | D:6      | Found an iron altar of Okawaru.
  4759 | D:6      | Reached XP level 8. HP: 61/61 MP: 7/12
  4787 | D:6      | Found a staircase to the Ecumenical Temple.
  4810 | D:6      | Reached skill level 5 in Fighting
  4820 | D:6      | Noticed Pikel
  4833 | D:6      | Killed Pikel
  4859 | Temple   | Entered the Ecumenical Temple
  4869 | Temple   | Became a worshipper of Cheibriados the Contemplative
  4954 | D:6      | Noticed Eustachio
  5075 | D:6      | Killed an unseen horror
  5076 | D:6      | Reached skill level 5 in Spellcasting
  5076 | D:6      | Reached skill level 5 in Dodging
  5076 | D:6      | Reached XP level 9. HP: 63/68 MP: 11/16
  5207 | D:6      | Identified the ring of Xom's Malicious Joy {rN+ Int+6}
  5417 | D:7      | Reached * piety under Cheibriados
  5425 | D:7      | Found a glowing silver altar of Zin.
  5477 | D:6      | Killed Sigmund
  5478 | D:6      | Killed Eustachio
  5479 | D:6      | Reached skill level 1 in Invocations
  5564 | D:7      | Noticed Dowan
  5625 | D:7      | Found a runed translucent gate.
  5625 | D:7      | Found a runed translucent gate.
  5625 | D:7      | Found a runed translucent gate.
  5625 | D:7      | Noticed Pascal76's ghost (novice MiFi)
  5633 | D:7      | Found a flagged portal.
  5645 | Bailey   | Entered a bailey
  5782 | Bailey   | Found a large runed translucent door.
  5783 | Bailey   | Found a large runed translucent door.
  5784 | Bailey   | Noticed a deep elf pyromancer
  5784 | Bailey   | Noticed an orc knight
  5806 | Bailey   | Killed an orc knight
  5843 | Bailey   | Reached XP level 10. HP: 69/79 MP: 14/17
  5987 | Bailey   | Killed a deep elf pyromancer
  6004 | Bailey   | Identified the +1 robe of the Blessed Realm {rElec}
  6086 | D:7      | Found a hide-covered altar of Uskayaw.
  6174 | D:7      | Reached ** piety under Cheibriados
  6373 | D:7      | Found a sparkling altar of Nemelex Xobeh.
  6439 | D:7      | Found a white marble altar of Elyvilon.
  6601 | D:7      | Found a burning altar of Makhleb.
  6601 | D:7      | Noticed a green death
  6790 | D:7      | Noticed Duvessa
  6795 | D:7      | Killed Duvessa
  6796 | D:7      | Killed Dowan
  7007 | D:3      | Bought a scroll of identify for 22 gold pieces
  7007 | D:3      | Bought a scroll of enchant armour for 82 gold pieces
  7292 | D:8      | Found a broken altar of Ashenzari.
  7301 | D:8      | Found an opulent altar of Gozag.
  7437 | D:8      | Found Nuxea's Assorted Antiques.
  7742 | D:2      | Noticed Crazy Yiuf
  7748 | D:2      | Killed Crazy Yiuf
  8199 | D:8      | Reached *** piety under Cheibriados
  8581 | D:9      | Reached skill level 6 in Summonings
  8800 | D:9      | Reached skill level 7 in Summonings
  8954 | D:9      | Reached skill level 1 in Translocations
  9126 | D:9      | Found a staircase to the Lair.
  9134 | D:9      | Learned a level 5 spell: Summon Forest
  9554 | D:10     | Entered Level 10 of the Dungeon
  9649 | D:10     | Noticed Sonja
  9649 | D:10     | Noticed Maurice
  9653 | D:10     | Reached **** piety under Cheibriados
  9660 | D:10     | Killed Maurice
  9661 | D:10     | Reached skill level 5 in Translocations
  9682 | D:10     | Killed Sonja
  9683 | D:10     | Reached skill level 5 in Invocations
  9683 | D:10     | Reached XP level 11. HP: 86/86 MP: 18/20
  9716 | D:10     | Noticed Erolcha
  9725 | D:10     | Killed Erolcha
 10112 | D:10     | Found a roughly hewn altar of Beogh.
 10112 | D:10     | Found a staircase to the Orcish Mines.
 10206 | D:10     | Reached skill level 8 in Summonings
 10265 | D:10     | Found a portal to a secret trove of treasure.
 10531 | Lair:1   | Entered Level 1 of the Lair of Beasts
 10538 | Lair:1   | Reached ***** piety under Cheibriados
 10552 | Lair:1   | Reached skill level 9 in Summonings
 10571 | Lair:1   | Reached skill level 10 in Summonings
 10753 | Lair:1   | Found a runed translucent door.
 10773 | Lair:1   | Found a gate leading to a gauntlet.
 10783 | Gauntlet | Entered a Gauntlet
 10783 | Gauntlet | Noticed a catoblepas
 10783 | Gauntlet | Found a transporter.
 10785 | Gauntlet | Found a transporter.
 10788 | Gauntlet | Found a transporter.
 10796 | Gauntlet | Noticed a fire crab
 10802 | Gauntlet | Found a transporter.
 10803 | Gauntlet | Found a transporter.
 10811 | Gauntlet | Found a transporter.
 10828 | Gauntlet | Noticed a thrashing horror
 10831 | Gauntlet | Found a transporter.
 10833 | Gauntlet | Noticed a thrashing horror
 10842 | Gauntlet | Found a transporter.
 10844 | Gauntlet | Noticed a dire elephant
 10854 | Gauntlet | Found a transporter.
 10857 | Gauntlet | Noticed an orange crystal statue
 10873 | Gauntlet | Found a transporter.
 10875 | Gauntlet | Noticed a death scarab
 10888 | Gauntlet | Found a transporter.
 10888 | Gauntlet | Found a transporter.
 10938 | Gauntlet | Found a transporter.
 10951 | Gauntlet | Found a transporter.
 11157 | Gauntlet | Learned a level 7 spell: Summon Hydra
 11218 | Gauntlet | Reached skill level 11 in Summonings
 11219 | Gauntlet | Killed a catoblepas
 11303 | Gauntlet | Killed a fire crab
 11304 | Gauntlet | Reached skill level 12 in Summonings
 11304 | Gauntlet | Reached XP level 12. HP: 30/92 MP: 14/21
 11499 | Gauntlet | Killed a thrashing horror
 11501 | Gauntlet | Killed a thrashing horror
 11502 | Gauntlet | Reached skill level 13 in Summonings
 11507 | Gauntlet | Identified the +2 hat of Noxious Happiness {rPois Dex+5}
 11594 | Gauntlet | Identified the +6 sling of Youthful Indiscretion {freeze,
                  | +Blink rF++ Int-5}
 11594 | Gauntlet | Noticed a minotaur
 11608 | Gauntlet | Killed a minotaur
 11672 | Lair:1   | Reached skill level 14 in Summonings
 12302 | Lair:1   | Noticed P0WERM0DE's ghost (journeyman CoCK)
 12303 | Lair:1   | Noticed a catoblepas
 12313 | Lair:1   | Killed P0WERM0DE's ghost
 12320 | Lair:1   | Killed a catoblepas
 12511 | Lair:2   | Found a staircase to the Shoals.
 12524 | Lair:2   | Reached skill level 5 in Evocations
 12599 | Lair:2   | Noticed a boulder beetle
 12605 | Lair:2   | Killed a boulder beetle
 12796 | Lair:2   | Gained mutation: You can hop long distances. [Barachi
                  | growth]
 12796 | Lair:2   | Reached XP level 13. HP: 94/98 MP: 16/23
 13124 | Lair:2   | Reached ****** piety under Cheibriados
 13125 | Lair:2   | Reached skill level 10 in Dodging
 13825 | Lair:3   | Identified the +3 rapier "Vapaile" {flame, rElec rN++
                  | Dex-3}
 13893 | Lair:3   | HP: 17/98 [wyvern (5)]
 13894 | Lair:3   | HP: 4/98 [manticore (7)]
 13894 | Lair:3   | HP: 1/98 [manticore (3)]
 13894 | Lair:3   | Slain by a hell rat

Illustrated notes

Levels and vault maps discovered:
D:1:      minmay_arrival_radiant_lines, layout_basic
D:2:      layout_rooms, serial_shops, nicolae_shop_pleasant_corner_grove,
          chequers_serial_rivers_marsh, uniq_crazy_yiuf_cottage
D:3:      layout_loops_cross, serial_shops, nicolae_shop_rolled_up
D:4:      layout_rooms
D:5:      layout_basic, serial_shops, shop_fountains, kennysheep_boxes
D:6:      layout_cave_pools, mainiacjoe_overflow_concentric_impassable,
          temple_doors_e, chequers_serial_rivers_micro_b, grunt_ministairs_3,
          hex_large, uniq_pikel, uniq_eustachio, uniq_sigmund
D:7:      layout_loops_ring, makhleb_altar_promises_db,
          nemelex_diamond_rough_becter,
          nicolae_uskayaw_murder_on_the_dancefloor,
          mainiacjoe_overflow_large_starburst,
          nicolae_ossuary_entry_false_entrances, enter_bailey_2,
          ebering_ghost_rock_garden, uniq_duvessa
D:8:      layout_basic, chequers_temple_overflow_statue_of_worship,
          serial_aquarium, aquarium_bridge_long_separate
          [aquarium_subvault_wall, aquarium_subvault_wall,
          aquarium_subvault_bridge, aquarium_subvault_wall,
          aquarium_subvault_bridge, aquarium_subvault_bridge],
          aquarium_bridge_straight [aquarium_subvault_bridge,
          aquarium_subvault_balcony, aquarium_subvault_bridge,
          aquarium_subvault_balcony], aquarium_window_1, aquarium_window_1,
          aquarium_window_fake, aquarium_view_2a, aquarium_view_2d,
          aquarium_pool_four, serial_shops, shop
D:9:      layout_irregular_city, lair_entry_dummy, grunt_decor_clamped,
          nicolae_demonic_statue_gallery
D:10:     layout_roguey, david_orc_5, enter_trove_3, minmay_misc_feat_enclosed,
          uniq_sonja, uniq_erolcha, uniq_maurice
Temple:   eino_temple_water
Lair:1:   layout_chaotic_city, gauntlet_entry_generic,
          ebering_ghost_inner_flame, beast_lair_carwin_4, grunt_megastairs_3,
          serial_bayou_shore_a, lemuel_fruit_fields
Lair:2:   layout_loops_ring, elwin_shoals_entry_rocks, special_room,
          wad_woods_river_01
Lair:3:   layout_gridlike, minmay_snake_entry_guardpost_small, special_room
          [special_room_mythical_zoo], dreamdust_mushroom_princess,
          grunt_megastairs_4, infiniplex_staircase_pool_2

Skill      XL: |  1  2  3  4  5  6  7  8  9 10 11 12 13 |
---------------+----------------------------------------+-----
Ice Magic      | 5 6 7 8 9 |  9.0
Spellcasting   | 3 5 6 7 |  7.0
Summonings     | 3 4 5 7 12 14 | 14.0
Fighting       | 4 5 7 8 |  8.0
Evocations     | 3 4 6 |  6.0
Dodging        | 3 5 7 8 11 | 11.5
Invocations    | 4 5 6 8 |  8.0
Translocations | 5 6 |  6.0
Stealth        | |  1.7

Action                     |  1- 3 |  4- 6 |  7- 9 | 10-12 | 13-15 || total
---------------------------+-------+-------+-------+-------+-------++-------
  Melee: Flail             |       |       |       |    40 |       ||    40
   Fire: Sling             |    82 |    72 |    74 |   178 |    10 ||   416
  Throw: Dart              |       |       |       |     3 |       ||     3
   Cast: Freeze            |    23 |    40 |    30 |    46 |    20 ||   159
         Frozen Ramparts   |     2 |     5 |    15 |    38 |     4 ||    64
         Summon Ice Beast  |       |     5 |    17 |    28 |       ||    50
         Ozocubu's Armour  |       |     3 |     5 |    15 |       ||    23
         Summon Forest     |       |       |       |    15 |     7 ||    22
         Summon Hydra      |       |       |       |    12 |     9 ||    21
 Invoke: Bend Time         |       |       |       |     1 |       ||     1
         Slouch            |       |       |       |     2 |     1 ||     3
Ability: Hop               |       |     1 |     3 |     4 |       ||     8
  Evoke: Wand              |       |       |       |     3 |       ||     3
    Use: Scroll            |     2 |     6 |     3 |    11 |     1 ||    23
 Armour: Robe              |     6 |    23 |    57 |   149 |    77 ||   312
  Dodge: Dodged            |     7 |    35 |    41 |   214 |    73 ||   370

Table legend: (Time is in decaauts)
 A = Elapsed time spent in this place.
 B = Non-inter-level travel time spent in this place.
 C = Inter-level travel time spent in this place.
 D = Time resting spent in this place.
 E = Time spent auto-exploring this place.
 F = Levels seen in this place.
 G = Mean time per level.
                   A        B        C        D        E       F      G
               +--------+--------+--------+--------+--------+-----+--------+
         Total |  21525 |  18361 |   3164 |   1848 |  11098 |  16 | 1345.3 |
       Dungeon |  14427 |  11689 |   2738 |   1301 |   7458 |  10 | 1442.7 |
        Temple |     27 |      3 |     24 |      0 |      0 |   1 |   27.0 |
          Lair |   4950 |   4548 |    402 |    289 |   3263 |   3 | 1650.0 |
        Bailey |    635 |    635 |      0 |      2 |      0 |   1 |  635.0 |
      Gauntlet |   1485 |   1485 |      0 |    256 |    375 |   1 | 1485.0 |
               +--------+--------+--------+--------+--------+-----+--------+

Top non-repeatable levels by time:
  Lair:2: 2349 daAuts
  Lair:1: 1994 daAuts
     D:9: 1818 daAuts
     D:3: 1800 daAuts
     D:8: 1706 daAuts
     D:7: 1690 daAuts
    D:10: 1656 daAuts
Gauntlet: 1485 daAuts
     D:5: 1469 daAuts
     D:6: 1221 daAuts
     D:4: 1084 daAuts
     D:2: 989 daAuts
     D:1: 989 daAuts
  Bailey: 635 daAuts
  Lair:3: 606 daAuts
